[Event "6th Cesme Open-A 2018"]
[Site "Cesme"]
[Date "2018.06.30"]
[Round "8.2"]
[White "Solodovnichenko, Yuri"]
[Black "Gadimbayli, Abdulla Azar"]
[Result "1/2-1/2"]
[ECO "C18"]
[WhiteElo "2531"]
[BlackElo "2420"]
[Annotator "ChessBase"]
[PlyCount "106"]
[EventDate "2018.06.26"]
[EventType "swiss"]
[EventCountry "TUR"]
[SourceTitle "playchess.com"]
[Source "ChessBase"]
[SourceQuality "1"]
[TimeControl "5400+30"]

1. e4 e6 2. d4 d5 3. Nc3 Bb4 4. e5 c5 5. a3 Bxc3+ 6. bxc3 Ne7 7. h4 Qc7 8. Nf3 Bd7 9. h5 h6 10. a4 Nbc6 11. Ba3 cxd4 12. cxd4 Qa5+ 13. Qd2 Qxd2+ 14. Kxd2 Nf5 15. Kd3 Na5 16. g4 Ne7 17. Ke3 Rc8 18. Bd3 Nc4+ 19. Ke2 b6 20. Rhb1 Nxa3 21. Rxa3 Nc6 22. Ba6 Rc7 23. Rbb3 Kd8 24. Ke3 Bc8 25. Bd3 Na5 26. Rb4 Ke7 27. Nd2 Bd7 28. c4 dxc4 29. Nxc4 Nxc4+ 30. Rxc4 Rxc4 31. Bxc4 Rc8 32. Ba6 Rc1 33. a5 Re1+ 34. Kf4 Bc6 35. f3 g5+ 36. hxg6 fxg6 37. axb6 axb6 38. Rb3 Bd5 39. Rxb6 g5+ 40. Kg3 Re3 41. Bb7 Rxf3+ 42. Kh2 Rf2+ 43. Kg3 Rf3+ 44. Kh2 Rf4 45. Bxd5 exd5 46. Rxh6 Rxg4 47. Rg6 Rxd4 48. Rxg5 Re4 49. Kg3 Kd7 50. Kf3 Kc6 51. Rg6+ Kc5 52. Re6 Kd4 53. Re8 Rxe5 1/2-1/2

[Event "6th Cesme Open-A 2018"]
[Site "Cesme"]
[Date "2018.06.30"]
[Round "8.4"]
[White "Sadikhov, Ulvi Ramil Oglu"]
[Black "Sumets, Andrey"]
[Result "1/2-1/2"]
[ECO "B10"]
[WhiteElo "2484"]
[BlackElo "2575"]
[Annotator "ChessBase"]
[PlyCount "59"]
[EventDate "2018.06.26"]
[EventType "swiss"]
[EventCountry "TUR"]
[SourceTitle "playchess.com"]
[Source "ChessBase"]
[SourceQuality "1"]
[TimeControl "5400+30"]

1. e4 c6 2. c4 e5 3. Nf3 d6 4. Nc3 c5 5. g3 Nc6 6. Bg2 g6 7. d3 h5 8. Nd5 Bh6 9. Bxh6 Nxh6 10. Qd2 a5 11. a3 Ng8 12. O-O Nf6 13. b4 axb4 14. axb4 Rxa1 15. Rxa1 Nxd5 16. cxd5 Nxb4 17. Ra8 O-O 18. Bh3 Qf6 19. Ng5 Nxd3 20. Rxc8 Rxc8 21. Bxc8 c4 22. h4 Qe7 23. Qa5 Qf6 24. f3 Qe7 25. Kf1 b5 26. Qa8 Kg7 27. Be6 fxe6 28. Nxe6+ Kh7 29. Ng5+ Kg7 30. Ne6+ 1/2-1/2

[Event "6th Cesme Open-A 2018"]
[Site "Cesme"]
[Date "2018.06.30"]
[Round "8.5"]
[White "Barsov, Alexei"]
[Black "Yilmazyerli, Mert"]
[Result "1/2-1/2"]
[ECO "A70"]
[WhiteElo "2371"]
[BlackElo "2491"]
[Annotator "ChessBase"]
[PlyCount "26"]
[EventDate "2018.06.26"]
[EventType "swiss"]
[EventCountry "TUR"]
[SourceTitle "playchess.com"]
[Source "ChessBase"]
[SourceQuality "1"]
[TimeControl "5400+30"]

1. d4 Nf6 2. c4 c5 3. d5 e6 4. Nc3 exd5 5. cxd5 d6 6. e4 g6 7. Bd3 Bg7 8. h3 O-O 9. Nf3 b5 10. Nxb5 Re8 11. O-O Nxe4 12. Re1 a6 13. Na3 Nf6 1/2-1/2

[Event "6th Cesme Open-A 2018"]
[Site "Cesme"]
[Date "2018.06.30"]
[Round "8.6"]
[White "Malakhatko, Vadim"]
[Black "Bashirli, Nail Qoshqar"]
[Result "1-0"]
[ECO "E10"]
[WhiteElo "2499"]
[BlackElo "2385"]
[Annotator "ChessBase"]
[PlyCount "83"]
[EventDate "2018.06.26"]
[EventType "swiss"]
[EventCountry "TUR"]
[SourceTitle "playchess.com"]
[Source "ChessBase"]
[SourceQuality "1"]
[TimeControl "5400+30"]

1. d4 Nf6 2. c4 e6 3. Nf3 c5 4. d5 b5 5. dxe6 fxe6 6. cxb5 d5 7. g3 Bd6 8. Bg2 O-O 9. O-O a6 10. bxa6 Nc6 11. b3 Bxa6 12. Bb2 Qe7 13. Re1 Rab8 14. Nbd2 e5 15. e4 Nb4 16. exd5 Nd3 17. Qc2 Nxe1 18. Rxe1 Nxd5 19. a3 Nf6 20. Nxe5 Qc7 21. Ndc4 Rbe8 22. f4 Bxc4 23. Qxc4+ Kh8 24. Bc3 Re7 25. Rd1 Bxe5 26. fxe5 Nd7 27. e6 Ne5 28. Qd5 Ng4 29. Qe4 Nf6 30. Qc4 Qc8 31. Bh3 Qe8 32. Rf1 Qh5 33. Bf5 Qg5 34. Kg2 Kg8 35. h4 Qe3 36. Rf3 Qc1 37. Qxc5 Rfe8 38. Rf1 Qh6 39. Qd4 Qh5 40. g4 Nxg4 41. Qxg4 Qh6 42. Qg5 1-0

[Event "6th Cesme Open-A 2018"]
[Site "Cesme"]
[Date "2018.06.30"]
[Round "8.7"]
[White "Sari, Yasin"]
[Black "Oleksienko, Mikhailo"]
[Result "0-1"]
[ECO "E14"]
[WhiteElo "2330"]
[BlackElo "2604"]
[Annotator "ChessBase"]
[PlyCount "106"]
[EventDate "2018.06.26"]
[EventType "swiss"]
[EventCountry "TUR"]
[SourceTitle "playchess.com"]
[Source "ChessBase"]
[SourceQuality "1"]
[TimeControl "5400+30"]

1. Nf3 Nf6 2. c4 e6 3. d4 b6 4. e3 Bb4+ 5. Bd2 Be7 6. Bd3 Bb7 7. Nc3 d5 8. cxd5 exd5 9. Qc2 O-O 10. g4 Na6 11. a3 c5 12. g5 Ne4 13. Nxe4 dxe4 14. Bxe4 Bxe4 15. Qxe4 cxd4 16. Qxd4 Bxg5 17. Qxd8 Bxd8 18. Bc3 Nc5 19. Ke2 Be7 20. b4 Ne4 21. Bd4 Rfc8 22. Rhc1 f6 23. Nd2 Nd6 24. Kd3 Kf7 25. Nb3 f5 26. f3 g6 27. a4 Rab8 28. b5 Rxc1 29. Rxc1 Rc8 30. Rxc8 Nxc8 31. e4 Ke6 32. Nd2 Nd6 33. Nc4 fxe4+ 34. fxe4 Nxc4 35. Kxc4 Bd6 36. h3 g5 37. a5 Bc7 38. Kd3 h5 39. Ke2 Be5 40. Be3 bxa5 41. Bxa7 a4 42. Bc5 Kd7 43. Kd3 g4 44. hxg4 hxg4 45. Ke2 Ke6 46. Kd3 Bd6 47. Be3 a3 48. b6 a2 49. Bd4 g3 50. Ke2 g2 51. Kf2 Bc5 52. Bxc5 a1=Q 53. Kxg2 Qe5 0-1

[Event "6th Cesme Open-A 2018"]
[Site "Cesme"]
[Date "2018.06.30"]
[Round "8.8"]
[White "Zeynalli, Rashad Hamza"]
[Black "Danin, Alexandre"]
[Result "1-0"]
[ECO "C11"]
[WhiteElo "2295"]
[BlackElo "2539"]
[Annotator "ChessBase"]
[PlyCount "181"]
[EventDate "2018.06.26"]
[EventType "swiss"]
[EventCountry "TUR"]
[SourceTitle "playchess.com"]
[Source "ChessBase"]
[SourceQuality "1"]
[TimeControl "5400+30"]

1. e4 e6 2. d4 d5 3. Nc3 Nf6 4. e5 Nfd7 5. f4 c5 6. Nf3 Nc6 7. Be3 cxd4 8. Nxd4 Bc5 9. Qd2 O-O 10. O-O-O a6 11. Nb3 b6 12. g4 Qe7 13. Rg1 Bb7 14. Rg3 Bxe3 15. Qxe3 Nc5 16. Rh3 f6 17. exf6 Qxf6 18. Nxc5 bxc5 19. Bd3 g6 20. f5 c4 21. Qh6 Qg7 22. Qxg7+ Kxg7 23. Bxc4 Ne5 24. fxg6 Nxg6 25. Bd3 Rf2 26. Re1 Re8 27. Rh5 Bc6 28. b4 Rf4 29. b5 axb5 30. Nxb5 Bxb5 31. Bxb5 Re7 32. h3 Kf6 33. a4 Rf2 34. Bd3 Rf4 35. Bb5 Rf3 36. h4 Rf4 37. Rf1 Rxf1+ 38. Bxf1 Ra7 39. Bb5 Kg7 40. g5 Ne5 41. Rh6 Re7 42. Rf6 Nf7 43. Bd3 h6 44. Rg6+ Kh8 45. gxh6 Ne5 46. Rg7 Nxd3+ 47. cxd3 Re8 48. Ra7 Rb8 49. Kc2 Rb4 50. Kc3 Rxh4 51. d4 Rh3+ 52. Kb4 Rd3 53. Kc5 Rc3+ 54. Kd6 Rd3 55. Kc5 Rc3+ 56. Kd6 Rd3 57. Kxe6 Rxd4 58. Ke5 Rd1 59. Rd7 Ra1 60. Ra7 Rd1 61. Rb7 d4 62. Rb4 d3 63. Kd4 Kh7 64. Kc3 Kxh6 65. Rd4 Kg6 66. Rxd3 Ra1 67. Kb4 Kf6 68. Re3 Rb1+ 69. Kc5 Rc1+ 70. Kb6 Rb1+ 71. Ka6 Rd1 72. a5 Rb1 73. Ka7 Kf7 74. a6 Rb2 75. Ka8 Rb1 76. a7 Rb2 77. Rh3 Ke7 78. Rh8 Kd6 79. Rb8 Ra2 80. Kb7 Rb2+ 81. Kc8 Rc2+ 82. Kd8 Rh2 83. Rb6+ Kc5 84. Rc6+ Kxc6 85. a8=Q+ Kc5 86. Qc8+ Kd4 87. Qg4+ Kd5 88. Qf5+ Kc6 89. Qe6+ Kb7 90. Qd7+ Ka8 91. Qc6+ 1-0

[Event "6th Cesme Open-A 2018"]
[Site "Cesme"]
[Date "2018.06.30"]
[Round "8.9"]
[White "Sanal, Vahap"]
[Black "Guseynov, Alihan"]
[Result "1-0"]
[ECO "A32"]
[WhiteElo "2510"]
[BlackElo "2341"]
[Annotator "ChessBase"]
[PlyCount "81"]
[EventDate "2018.06.26"]
[EventType "swiss"]
[EventCountry "TUR"]
[SourceTitle "playchess.com"]
[Source "ChessBase"]
[SourceQuality "1"]
[TimeControl "5400+30"]

1. d4 Nf6 2. Nf3 e6 3. c4 c5 4. g3 cxd4 5. Nxd4 a6 6. Bg2 Qc7 7. Nc3 Qxc4 8. O-O Nc6 9. Nb3 d5 10. Bf4 Be7 11. a3 a5 12. Rc1 Qa6 13. a4 O-O 14. Nb5 Qb6 15. Bc7 Qa6 16. Nc5 Bxc5 17. Rxc5 Bd7 18. Bd6 Rfc8 19. Nc7 Qa7 20. Nxa8 Ne8 21. Nb6 Qxb6 22. Rb5 Qa6 23. Bc5 Ne5 24. Rb6 Qa8 25. Qd4 Nc4 26. Rb3 e5 27. Qxd5 Be6 28. Qxb7 Qxb7 29. Rxb7 Rxc5 30. Rc1 Rc8 31. b3 Ned6 32. Ra7 Nb6 33. Rxc8+ Ndxc8 34. Rxa5 Bxb3 35. Bc6 f6 36. Rc5 Bc4 37. a5 Bxe2 38. Bb7 Bg4 39. Rc6 Bf3 40. axb6 Bxc6 41. Bxc8 1-0

[Event "6th Cesme Open-A 2018"]
[Site "Cesme"]
[Date "2018.06.30"]
[Round "8.10"]
[White "Haznedaroglu, Kivanc"]
[Black "Charkhalashvili, Inga"]
[Result "0-1"]
[ECO "A25"]
[WhiteElo "2472"]
[BlackElo "2325"]
[Annotator "ChessBase"]
[PlyCount "72"]
[EventDate "2018.06.26"]
[EventType "swiss"]
[EventCountry "TUR"]
[SourceTitle "playchess.com"]
[Source "ChessBase"]
[SourceQuality "1"]
[TimeControl "5400+30"]

1. c4 e5 2. Nc3 Nc6 3. g3 g6 4. Bg2 Bg7 5. e3 Nge7 6. Nge2 d6 7. O-O O-O 8. Rb1 Bf5 9. d3 Qd7 10. b4 Bh3 11. Bxh3 Qxh3 12. b5 Nd8 13. Nd5 Qd7 14. Nec3 Ne6 15. Bb2 Nf5 16. Ne4 Qd8 17. Qf3 Rc8 18. Ba3 Kh8 19. Rfc1 Nh6 20. Nd2 f5 21. Qe2 c6 22. bxc6 bxc6 23. Nc3 Rf7 24. Bb2 g5 25. Nb3 g4 26. d4 Ng5 27. dxe5 dxe5 28. Rd1 Qf8 29. Kh1 f4 30. exf4 exf4 31. Rd2 Re8 32. Qd1 fxg3 33. fxg3 Nh3 34. Qc1 Rf2 35. Qd1 Re1+ 36. Qxe1 Qf3# 0-1

[Event "6th Cesme Open-A 2018"]
[Site "Cesme"]
[Date "2018.06.30"]
[Round "8.11"]
[White "Odeev, Handszar"]
[Black "Agdelen, Huseyin Can"]
[Result "1/2-1/2"]
[ECO "B90"]
[WhiteElo "2415"]
[BlackElo "2276"]
[Annotator "NA"]
[PlyCount "64"]
[EventDate "2018.06.26"]
[EventType "swiss"]
[EventCountry "TUR"]
[SourceTitle "playchess.com"]
[Source "ChessBase"]
[SourceQuality "1"]
[TimeControl "5400+30"]

1. e4 c5 2. Nf3 d6 3. d4 cxd4 4. Nxd4 Nf6 5. Nc3 a6 6. Bd3 e5 7. Nde2 Be7 8. O-O O-O 9. Ng3 Be6 10. h3 Nbd7 11. Be3 Rc8 12. f4 Re8 13. f5 Bc4 14. Qe2 Bxd3 15. Qxd3 Qa5 16. a3 b5 17. Rfd1 Rc6 18. Nf1 Rec8 19. Bf2 Qc7 20. Qf3 Qb7 21. Rd3 a5 22. Ne3 Nc5 23. Rdd1 b4 24. axb4 axb4 25. Ncd5 Ncxe4 26. Be1 b3 27. cxb3 Bd8 28. Nxf6+ Nxf6 29. Rxd6 e4 30. Qd1 Rxd6 31. Qxd6 Qxb3 32. Qa3 Be7 1/2-1/2

[Event "6th Cesme Open-A 2018"]
[Site "Cesme"]
[Date "2018.06.30"]
[Round "8.12"]
[White "Ozen, Deniz"]
[Black "Abdulla, Khayala Mardan Qizi"]
[Result "1/2-1/2"]
[ECO "B22"]
[WhiteElo "2408"]
[BlackElo "2231"]
[Annotator "ChessBase"]
[PlyCount "109"]
[EventDate "2018.06.26"]
[EventType "swiss"]
[EventCountry "TUR"]
[SourceTitle "playchess.com"]
[Source "ChessBase"]
[SourceQuality "1"]
[TimeControl "5400+30"]

1. e4 c5 2. Nf3 e6 3. c3 d5 4. exd5 Qxd5 5. d4 Nf6 6. Be3 Nc6 7. Bd3 Be7 8. O-O O-O 9. h3 Rd8 10. Qe2 b6 11. Bc4 Qh5 12. dxc5 Bxc5 13. Bg5 Be7 14. Nbd2 Bb7 15. Bxf6 Bxf6 16. Ne4 Be7 17. Ba6 Bxa6 18. Qxa6 Qd5 19. Rfe1 Ne5 20. Nxe5 Qxe5 21. Qb7 Bf8 22. a4 Qd5 23. Qa6 Qb3 24. Qb5 Qd5 25. Qa6 Qb3 26. Qb5 Qd5 27. Rad1 Qb7 28. Qe2 Qc7 29. Rxd8 Rxd8 30. Rd1 Rxd1+ 31. Qxd1 Qe5 32. Qe2 f5 33. Ng3 Bd6 34. Qxe5 Bxe5 35. Ne2 Kf7 36. f4 Bd6 37. Kf2 e5 38. fxe5 Bxe5 39. Ke3 Ke6 40. Ng1 Kd5 41. Kd3 a5 42. Nf3 Bd6 43. Nd4 g6 44. Nc2 h5 45. b4 axb4 46. cxb4 Bc7 47. Ne3+ Ke5 48. Nc4+ Kf4 49. Ke2 Kg3 50. Kf1 g5 51. a5 bxa5 52. bxa5 g4 53. a6 gxh3 54. gxh3 Bb8 55. h4 1/2-1/2

[Event "6th Cesme Open-A 2018"]
[Site "Cesme"]
[Date "2018.06.30"]
[Round "8.13"]
[White "Rzayev, Bahruz Iqbal Oglu"]
[Black "Isik, Engin Yasar"]
[Result "1-0"]
[ECO "E61"]
[WhiteElo "2405"]
[BlackElo "2156"]
[Annotator "NA"]
[PlyCount "107"]
[EventDate "2018.06.26"]
[EventType "swiss"]
[EventCountry "TUR"]
[SourceTitle "playchess.com"]
[Source "ChessBase"]
[SourceQuality "1"]
[TimeControl "5400+30"]

1. c4 g6 2. Nc3 Bg7 3. g3 d6 4. d4 Nf6 5. Bg2 O-O 6. e3 c6 7. d5 cxd5 8. cxd5 Na6 9. Nge2 Bd7 10. O-O b5 11. a3 Rc8 12. h3 Qb6 13. e4 Qb8 14. Be3 Nc7 15. f4 Na8 16. Bd4 Nb6 17. Kh2 a5 18. b3 Rc7 19. Qd3 Nc8 20. a4 b4 21. Nb1 Ne8 22. Nd2 Bxd4 23. Qxd4 Nb6 24. g4 Bc8 25. e5 Ba6 26. Rfe1 Bxe2 27. Rxe2 Rc3 28. Rae1 Nc8 29. Nc4 dxe5 30. fxe5 Qc7 31. Re3 Rxe3 32. Qxe3 Ng7 33. Kh1 f5 34. exf6 Rxf6 35. Ne5 e6 36. Rc1 Qd8 37. Qc5 Rf8 38. dxe6 Ne7 39. Nc6 Nxc6 40. Qxc6 Qe7 41. Qd7 Qg5 42. Rd1 h5 43. e7 Re8 44. Qd5+ Qxd5 45. Bxd5+ Kh7 46. Re1 hxg4 47. hxg4 Rb8 48. Bc6 Ne8 49. Rd1 Rc8 50. Bd7 Rb8 51. Bb5 Rc8 52. Rd8 Rc1+ 53. Kg2 Rc2+ 54. Kf1 1-0

[Event "6th Cesme Open-A 2018"]
[Site "Cesme"]
[Date "2018.06.30"]
[Round "8.14"]
[White "Koksal, Ege"]
[Black "Yaramis, Hakan"]
[Result "1-0"]
[ECO "D61"]
[WhiteElo "2356"]
[BlackElo "1983"]
[Annotator "NA"]
[PlyCount "59"]
[EventDate "2018.06.26"]
[EventType "swiss"]
[EventCountry "TUR"]
[SourceTitle "playchess.com"]
[Source "ChessBase"]
[SourceQuality "1"]
[TimeControl "5400+30"]

1. d4 d5 2. c4 e6 3. Nc3 Nf6 4. Nf3 c6 5. Bg5 Be7 6. e3 Nbd7 7. Qc2 O-O 8. Rd1 a6 9. cxd5 cxd5 10. Bd3 Re8 11. O-O h6 12. Bf4 Qa5 13. Rc1 Nh5 14. Be5 Nxe5 15. dxe5 f5 16. Nd4 g6 17. g4 Ng7 18. gxf5 gxf5 19. Nce2 Bg5 20. Kh1 Qd8 21. Rg1 Kh7 22. Rg2 Re7 23. Nf3 Rf7 24. Nxg5+ hxg5 25. Rcg1 Bd7 26. Rxg5 Rc8 27. Qd2 Qc7 28. f4 Bb5 29. Bxb5 axb5 30. Nd4 1-0

[Event "6th Cesme Open-A 2018"]
[Site "Cesme"]
[Date "2018.06.30"]
[Round "8.15"]
[White "Rzayev, Askar Aliakbar"]
[Black "Kamer, Kayra"]
[Result "0-1"]
[ECO "E73"]
[WhiteElo "2000"]
[BlackElo "2181"]
[Annotator "NA"]
[PlyCount "62"]
[EventDate "2018.06.26"]
[EventType "swiss"]
[EventCountry "TUR"]
[SourceTitle "playchess.com"]
[Source "ChessBase"]
[SourceQuality "1"]
[TimeControl "5400+30"]

1. d4 Nf6 2. c4 g6 3. Nc3 Bg7 4. e4 d6 5. Be2 O-O 6. Bg5 Nbd7 7. Qd2 e5 8. d5 a5 9. h4 Nc5 10. f3 a4 11. h5 c6 12. Nh3 Bxh3 13. Rxh3 Qa5 14. g4 a3 15. b3 cxd5 16. Nxd5 Qxd2+ 17. Bxd2 Nxd5 18. cxd5 f5 19. gxf5 gxf5 20. b4 Na4 21. h6 Bf6 22. Rc1 Rfc8 23. Rxc8+ Rxc8 24. Bb5 Nc3 25. Rg3+ Kf8 26. Bd7 Rc7 27. Bxf5 Bh4 28. Bxc3 Bxg3+ 29. Kd2 Be1+ 30. Kxe1 Rxc3 31. Bxh7 Rc2 0-1

[Event "6th Cesme Open-A 2018"]
[Site "Cesme"]
[Date "2018.06.30"]
[Round "8.16"]
[White "Gulbeyaz, Emir"]
[Black "Ozkan, Ervin"]
[Result "1/2-1/2"]
[ECO "D13"]
[WhiteElo "2074"]
[BlackElo "2171"]
[Annotator "NA"]
[PlyCount "55"]
[EventDate "2018.06.26"]
[EventType "swiss"]
[EventCountry "TUR"]
[SourceTitle "playchess.com"]
[Source "ChessBase"]
[SourceQuality "1"]
[TimeControl "5400+30"]

1. d4 Nf6 2. Nf3 d5 3. c4 c6 4. Nc3 a6 5. cxd5 cxd5 6. Bf4 Nc6 7. e3 Bf5 8. Bd3 Bxd3 9. Qxd3 e6 10. O-O Bd6 11. Bg5 O-O 12. Rac1 h6 13. Bh4 Be7 14. Nd2 Nd7 15. Bxe7 Qxe7 16. Nb3 Qb4 17. Qd1 Na5 18. Nxa5 Qxa5 19. Qa4 Qxa4 20. Nxa4 Rfc8 21. b3 Kf8 22. f3 Ke7 23. Kf2 Kd6 24. Ke2 f5 25. Kd2 b6 26. Nb2 a5 27. Rxc8 Rxc8 28. Rc1 1/2-1/2

[Event "6th Cesme Open-A 2018"]
[Site "Cesme"]
[Date "2018.06.30"]
[Round "8.17"]
[White "Cansun, Can Alp"]
[Black "Gunduz, Umut Erdem"]
[Result "0-1"]
[ECO "C41"]
[WhiteElo "1918"]
[BlackElo "2130"]
[Annotator "NA"]
[PlyCount "84"]
[EventDate "2018.06.26"]
[EventType "swiss"]
[EventCountry "TUR"]
[SourceTitle "playchess.com"]
[Source "ChessBase"]
[SourceQuality "1"]
[TimeControl "5400+30"]

1. e4 e5 2. Nf3 d6 3. d4 Nd7 4. Bc4 c6 5. O-O Be7 6. a4 Ngf6 7. Nc3 O-O 8. a5 Qc7 9. Re1 exd4 10. Nxd4 Ne5 11. Be2 Re8 12. f4 Ng6 13. Bf3 Bd7 14. g3 b5 15. axb6 axb6 16. Rxa8 Rxa8 17. h4 h6 18. h5 Nf8 19. Kg2 Re8 20. g4 Qc8 21. Nf5 Bxf5 22. gxf5 Rd8 23. Qe2 Ne8 24. Kh2 Nh7 25. Rg1 Bf6 26. e5 dxe5 27. fxe5 Qc7 28. Bf4 Bg5 29. Bxg5 Nxg5 30. Bg2 Nf6 31. Kh1 Rd4 32. Rf1 Rh4+ 33. Kg1 Nxh5 34. Qe3 Rg4 35. Ne2 Qd7 36. Qd3 Qe7 37. Qd6 Qa7 38. b4 Qa3 39. Qd2 Nf3+ 40. Rxf3 Qxf3 41. Nd4 Qe4 42. c3 Nf4 0-1

[Event "6th Cesme Open-A 2018"]
[Site "Cesme"]
[Date "2018.06.30"]
[Round "8.18"]
[White "Topel, Zehra"]
[Black "Pektas, Yigit"]
[Result "1-0"]
[ECO "A06"]
[WhiteElo "2145"]
[BlackElo "1975"]
[Annotator "NA"]
[PlyCount "43"]
[EventDate "2018.06.26"]
[EventType "swiss"]
[EventCountry "TUR"]
[SourceTitle "playchess.com"]
[Source "ChessBase"]
[SourceQuality "1"]
[TimeControl "5400+30"]

1. d4 d5 2. Nf3 Nf6 3. c4 c6 4. e3 e6 5. b3 Nbd7 6. Bd3 Bd6 7. Bb2 O-O 8. O-O b6 9. Nbd2 Bb7 10. Rc1 Rc8 11. e4 dxe4 12. Nxe4 Nxe4 13. Bxe4 Nf6 14. Bb1 Bf4 15. Rc3 c5 16. dxc5 Rxc5 17. Ba3 Rh5 18. g3 Ng4 19. Bxf8 Qf6 20. Bb4 Ne5 21. Nxe5 Rxh2 22. Nf3 1-0

[Event "6th Cesme Open-A 2018"]
[Site "Cesme"]
[Date "2018.06.30"]
[Round "8.19"]
[White "Molla, Ersen"]
[Black "Kucuk, Dogan"]
[Result "1/2-1/2"]
[ECO "A15"]
[WhiteElo "1932"]
[BlackElo "1974"]
[Annotator "NA"]
[PlyCount "76"]
[EventDate "2018.06.26"]
[EventType "swiss"]
[EventCountry "TUR"]
[SourceTitle "playchess.com"]
[Source "ChessBase"]
[SourceQuality "1"]
[TimeControl "5400+30"]

1. Nf3 d6 2. b3 Nf6 3. Bb2 e5 4. c4 Nc6 5. d3 g6 6. g3 Bg7 7. Bg2 O-O 8. O-O h6 9. Nc3 Be6 10. d4 exd4 11. Nxd4 Bd7 12. Rc1 Re8 13. e3 Bg4 14. Qd2 Qd7 15. f3 Bh3 16. Nd5 Bxg2 17. Kxg2 Nxd5 18. cxd5 Ne7 19. e4 Rac8 20. Rfd1 c6 21. dxc6 bxc6 22. Ne2 Bxb2 23. Qxb2 d5 24. Nf4 Qb7 25. exd5 Nxd5 26. Nxd5 cxd5 27. Rxc8 Rxc8 28. Rd2 Qc6 29. Qd4 a6 30. h4 Qc1 31. Qxd5 Rc2 32. Rxc2 Qxc2+ 33. Kh3 Qxa2 34. Kg4 Qc2 35. Kh3 h5 36. Qd8+ Kh7 37. Qd5 Kg7 38. Qe5+ Kh7 1/2-1/2

[Event "6th Cesme Open-A 2018"]
[Site "Cesme"]
[Date "2018.06.30"]
[Round "8.20"]
[White "Samani, Yamac"]
[Black "Kocak, Can"]
[Result "1-0"]
[ECO "A49"]
[WhiteElo "2227"]
[BlackElo "1892"]
[Annotator "NA"]
[PlyCount "69"]
[EventDate "2018.06.26"]
[EventType "swiss"]
[EventCountry "TUR"]
[SourceTitle "playchess.com"]
[Source "ChessBase"]
[SourceQuality "1"]
[TimeControl "5400+30"]

1. Nf3 Nf6 2. g3 g6 3. Bg2 Bg7 4. O-O O-O 5. d4 d6 6. a4 Nbd7 7. a5 c5 8. d5 Rb8 9. c4 b5 10. axb6 Qxb6 11. Nc3 a6 12. e4 Qc7 13. Ra3 Ng4 14. Qc2 Nge5 15. Nd2 f5 16. exf5 gxf5 17. Ne2 Ng6 18. f4 Nf6 19. Nf3 Ne4 20. b3 Qd7 21. Bb2 Bb7 22. Bxg7 Kxg7 23. Nc3 Nxc3 24. Qxc3+ Kg8 25. Ng5 Rf6 26. Re1 Nf8 27. Ra2 h6 28. Rae2 e5 29. fxe5 dxe5 30. Qxe5 Qd6 31. Qxd6 Rxd6 32. Ne6 Nxe6 33. Rxe6 Rxe6 34. Rxe6 Kg7 35. Rb6 1-0

[Event "6th Cesme Open-A 2018"]
[Site "Cesme"]
[Date "2018.07.01"]
[Round "9.4"]
[White "Sumets, Andrey"]
[Black "Rzayev, Bahruz Iqbal Oglu"]
[Result "1-0"]
[ECO "D40"]
[WhiteElo "2575"]
[BlackElo "2405"]
[Annotator "ChessBase"]
[PlyCount "75"]
[EventDate "2018.06.26"]
[EventType "swiss"]
[EventCountry "TUR"]
[SourceTitle "playchess.com"]
[Source "ChessBase"]
[SourceQuality "1"]
[TimeControl "5400+30"]

1. d4 d5 2. c4 e6 3. Nf3 Nf6 4. Nc3 c5 5. e3 Nc6 6. a3 a6 7. dxc5 Bxc5 8. b4 Bb6 9. Bb2 O-O 10. Qc2 d4 11. Rd1 e5 12. Be2 Bd7 13. Nd5 Nxd5 14. cxd5 Ne7 15. exd4 Rc8 16. Qb3 e4 17. Ne5 Bb5 18. Bg4 Rc7 19. a4 Be8 20. Be2 Kh8 21. a5 Ba7 22. b5 Rc8 23. b6 Bb8 24. Ba3 f6 25. Qb4 fxe5 26. Qxe7 Rf7 27. Qxd8 Rxd8 28. O-O Ba4 29. Rd2 Bb3 30. d6 Bxd6 31. dxe5 Be7 32. Rxd8+ Bxd8 33. Rc1 Be6 34. Bc4 Bg5 35. Bxe6 Bxc1 36. Bxc1 Re7 37. Bc8 Rxe5 38. Be3 1-0

[Event "6th Cesme Open-A 2018"]
[Site "Cesme"]
[Date "2018.07.01"]
[Round "9.5"]
[White "Gadimbayli, Abdulla Azar"]
[Black "Sanal, Vahap"]
[Result "0-1"]
[ECO "C92"]
[WhiteElo "2420"]
[BlackElo "2510"]
[Annotator "ChessBase"]
[PlyCount "60"]
[EventDate "2018.06.26"]
[EventType "swiss"]
[EventCountry "TUR"]
[SourceTitle "playchess.com"]
[Source "ChessBase"]
[SourceQuality "1"]
[TimeControl "5400+30"]

1. e4 e5 2. Nf3 Nc6 3. Bb5 a6 4. Ba4 Nf6 5. O-O Be7 6. Re1 b5 7. Bb3 O-O 8. c3 d6 9. h3 Bb7 10. d4 Nd7 11. a4 Na5 12. Bc2 c5 13. d5 c4 14. Be3 Qc7 15. Na3 bxa4 16. Nd2 f5 17. exf5 Nf6 18. Bxa4 Kh8 19. b4 cxb3 20. c4 Nd7 21. Bxd7 Qxd7 22. Nxb3 Nxb3 23. Qxb3 Bc8 24. c5 dxc5 25. Red1 Qxf5 26. Rac1 Bd7 27. Qd3 e4 28. Qe2 Qg6 29. Kh1 Rf3 30. h4 Bg4 0-1

[Event "6th Cesme Open-A 2018"]
[Site "Cesme"]
[Date "2018.07.01"]
[Round "9.6"]
[White "Yilmazyerli, Mert"]
[Black "Zeynalli, Rashad Hamza"]
[Result "0-1"]
[ECO "A87"]
[WhiteElo "2491"]
[BlackElo "2295"]
[Annotator "ChessBase"]
[PlyCount "102"]
[EventDate "2018.06.26"]
[EventType "swiss"]
[EventCountry "TUR"]
[SourceTitle "playchess.com"]
[Source "ChessBase"]
[SourceQuality "1"]
[TimeControl "5400+30"]

1. Nf3 f5 2. g3 Nf6 3. Bg2 g6 4. O-O Bg7 5. d4 O-O 6. c4 d6 7. Nc3 Qe8 8. b3 e5 9. dxe5 dxe5 10. Ba3 Rf7 11. e4 Nc6 12. exf5 Bxf5 13. Re1 Rd8 14. Qc1 Rfd7 15. Ng5 Nd4 16. Nge4 Nxe4 17. Nxe4 Bg4 18. Qg5 Bf3 19. Bb2 Bxg2 20. Kxg2 Nc2 21. Re2 Nxa1 22. Bxa1 Rf7 23. Qe3 Qc6 24. Bc3 b6 25. f3 Rfd7 26. Qg5 Re8 27. h4 Rd3 28. Rd2 Qd7 29. Rxd3 Qxd3 30. Qd2 Rd8 31. Kf2 Qxd2+ 32. Bxd2 Bf8 33. Ke2 a5 34. a4 h6 35. Bc3 Bg7 36. Bd2 Kf7 37. Be3 Bf8 38. Bd2 Ke6 39. Be3 Rb8 40. Kd3 c6 41. Bd2 h5 42. Ng5+ Kf5 43. Ne4 Bb4 44. Be3 b5 45. Bc1 bxa4 46. bxa4 Ba3 47. Bd2 Rb3+ 48. Bc3 Bb4 49. Kc2 Rxc3+ 50. Nxc3 Bxc3 51. Kxc3 e4 0-1

[Event "6th Cesme Open-A 2018"]
[Site "Cesme"]
[Date "2018.07.01"]
[Round "9.7"]
[White "Charkhalashvili, Inga"]
[Black "Sadikhov, Ulvi Ramil Oglu"]
[Result "0-1"]
[ECO "E60"]
[WhiteElo "2325"]
[BlackElo "2484"]
[Annotator "ChessBase"]
[PlyCount "92"]
[EventDate "2018.06.26"]
[EventType "swiss"]
[EventCountry "TUR"]
[SourceTitle "playchess.com"]
[Source "ChessBase"]
[SourceQuality "1"]
[TimeControl "5400+30"]

1. d4 Nf6 2. c4 g6 3. f3 c5 4. e4 cxd4 5. Qxd4 Nc6 6. Qd1 Bg7 7. Nc3 O-O 8. Be3 e6 9. Be2 d5 10. cxd5 exd5 11. exd5 Ne7 12. Bc4 Nf5 13. Bf2 Bh6 14. Nge2 Ne3 15. Bxe3 Bxe3 16. Qb3 Qa5 17. Kf1 a6 18. d6 Ba7 19. Ng3 Bf5 20. Rd1 Qc5 21. Rd2 Rad8 22. Na4 Qc8 23. Nxf5 Qxf5 24. Bd5 Ng4 25. Be4 Qf4 26. Ke1 Be3 27. Rd5 Nf2 28. g3 Qh6 29. Rf1 b5 30. Nc3 Qxh2 31. Ne2 Bb6 32. Qc3 Qg2 33. Rd4 Bxd4 34. Qxd4 Nxe4 35. fxe4 Rfe8 36. e5 Qh3 37. Rf4 Qh5 38. Re4 Qh1+ 39. Kd2 Rxd6 40. exd6 Rxe4 41. Qd3 Re8 42. d7 Rd8 43. Nf4 Qc6 44. Nd5 Rxd7 45. Nf6+ Qxf6 46. Qxd7 Qxb2+ 0-1